 Dungeon Crawl Stone Soup version 0.28-a0-1429-gf3d713df7a (webtiles) character file.

Game seed: 12683012071189750782

72 oldriver the Digger (level 3, 0/26 HPs)
             Began as a Demigod Earth Elementalist on Jan 8, 2022.
             Killed by divine providence
             ... invoked by an orc priest
              (9 damage)
             ... on level 3 of the Dungeon.
             The game lasted 00:03:01 (2510 turns).

oldriver the Digger (Demigod Earth Elementalist)    Turns: 2510, Time: 00:03:01

Health: 0/26       AC:  3    Str:  9    XL:     3   Next: 80%
Magic:  9/9        EV: 12    Int: 21    God:
Gold:   105        SH:  0    Dex: 14    Spells: 4/7 levels left

rFire   . . .      SeeInvis .   f - +0 dagger
rCold   . . .      Faith    .   (no shield)
rNeg    . . .      Spirit   .   b - +0 robe
rPois   .          Reflect  .   h - +0 helmet
rElec   .          Harm     .   (no cloak)
rCorr   .          Rampage  .   (no gloves)
Will    .....                   (no boots)
Stlth   ++........              (no amulet)
HPRegen 0.08/turn               (no ring)
MPRegen 0.11/turn               (no ring)

@: no status effects
A: high mp 1, forlorn, divine attributes
a: no special abilities


You were on level 3 of the Dungeon.
You visited 1 branch of the dungeon, and saw 3 of its levels.

You collected 105 gold pieces.

Inventory:

Hand Weapons
 f - a +0 dagger (weapon)
Missiles
 c - 12 stones
Armour
 b - a +0 robe (worn)
 h - a +0 helmet (worn)
Scrolls
 i - a scroll of enchant armour {unknown}
 j - a scroll of vulnerability {unknown}
Potions
 a - 2 potions of curing {unknown}
 d - a potion of berserk rage {unknown}
 e - a potion of brilliance {unknown}
 g - a potion of resistance {unknown}
 k - a potion of magic {unknown}


   Skills:
 - Level 1.7 Dodging
 - Level 1.7 Stealth
 + Level 2.7 Spellcasting
 + Level 1.0 Conjurations
 - Level 0.8 Transmutations
 + Level 3.5 Earth Magic


You had 4 spell levels left.
You knew the following spells:

 Your Spells              Type           Power      Damage    Failure   Level
a - Sandblast             Erth           34%        2d9       3%          1
b - Passwall              Tmut/Erth      10%        N/A       9%          2

Your spell library contained the following spells:

 Spells                   Type           Power      Damage    Failure   Level
 Shock                    Conj/Air       20%        1d4       11%         1
 Stone Arrow              Conj/Erth      24%        3d8       16%         3
 Swiftness                Air            2%         N/A       38%         3
 Petrify                  Tmut/Erth      12%        N/A       50%         4
 Airstrike                Air            1%         N/A       80%         4


Dungeon Overview and Level Annotations

Branches:
Dungeon (3/15)


Innate Abilities, Weirdness & Mutations

You have an increased reservoir of magic. (+10% MP)
You shall have no god before yourself.
Your divine heritage dramatically boosts your attributes as you level up.


Message History

HP restored.
Things that are here:
a +0 club; a ball python corpse
There is an open door here.
An orc priest is nearby!
The orc priest shouts!
The blast of sand hits the orc priest!
The orc priest is almost dead.
The blast of sand hits the orc priest!
You kill the orc priest!
Your Conjurations skill increases to level 1!
Magic restored.
There is an open door here.
Things that are here:
a +0 hand axe; an orc corpse An orc is nearby!
An orc is nearby!
An orc is nearby!
An orc is nearby!
The orc priest shouts!
The orc barely misses you.
You hit the orc.
The orc is moderately wounded.
The orc hits you with a +0 club.
The orc priest calls upon Beogh to heal the orc.
The orc's wounds heal themselves!
You completely miss the orc. The orc closely misses you.
The orc priest calls down the wrath of Beogh upon you.
Beogh smites you!
Ouch! That really hurt!
You are too injured to fight recklessly!
You are too injured to fight recklessly!
You are too injured to fight recklessly!
Things that are here:
a +0 hand axe; an orc corpse
There is an open door here.
The orc hits you with a +0 club.
The orc priest invokes the aid of Beogh against you.
Beogh smites you!
You die...

........##.....#
....(.#..#...#.#
......#.###....####
#....##..##.#.)...#
#.... #.....#.....#
##..##..#.###.....#
# [... #..
#........#..##
#.....
####.........##)##
.....
#..#......##@.# #.#
####....
#..##......###.##
#.###....#.# #..
#......# #o.#
#.....##..(# ##.
#.######
##.###.###.##.#.#
#..##..........<
##.##..##S##...#
##'##..##.#o..##
#..o....o....##$
#.....####.###.8


You could see an orc priest and an orc.

Vanquished Creatures
  An orc priest (D:3)
  An adder (D:3)
  3 ball pythons
  An endoplasm (D:1)
  5 goblins
  2 hobgoblins
  4 jackals (D:2)
  A quokka (D:1)
  6 bats
  A frilled lizard (D:1)
  2 kobolds (D:1)
  4 rats
31 creatures vanquished.

Notes
Turn   | Place    | Note
-------+----------+-------------------------------------------
     0 | D:1      | oldriver the Demigod Earth Elementalist began the quest for
                  | the Orb.
     0 | D:1      | Reached XP level 1. HP: 14/14 MP: 5/5
   557 | D:1      | Reached skill level 3 in Earth Magic
   739 | D:1      | Reached XP level 2. HP: 20/20 MP: 5/7
  1962 | D:2      | Learned a level 2 spell: Passwall
  2030 | D:3      | Reached XP level 3. HP: 13/26 MP: 6/9
  2477 | D:3      | Reached skill level 1 in Conjurations
  2510 | D:3      | Killed from afar by an orc priest

Illustrated notes

Levels and vault maps discovered:
D:1:      beargit_arrival_diablo_church, layout_basic
D:2:      layout_basic, basic_altar
D:3:      layout_basic, nemelex_dance_club_becter, minmay_misc_feat_x,
          kennysheep_orc_chapel, uniq_sigmund, uniq_natasha

Skill      XL: |  1  2  3 |
---------------+----------+-----
Spellcasting   | 2 |  2.7
Earth Magic    | 3 |  3.5
Conjurations   | 1 |  1.0
Dodging        | |  1.7
Stealth        | |  1.7
Transmutations | |  0.8

Action                   || total
-------------------------++-------
Melee: Unarmed           ||     1
       Dagger            ||    24
 Cast: Sandblast         ||    38
 Stab: Sleeping          ||     1
Armor: Robe              ||     7
Dodge: Dodged            ||    25

Table legend: (Time is in decaauts)
 A = Elapsed time spent in this place.
 B = Non-inter-level travel time spent in this place.
 C = Inter-level travel time spent in this place.
 D = Time resting spent in this place.
 E = Time spent auto-exploring this place.
 F = Levels seen in this place.
 G = Mean time per level.
                   A        B        C        D        E       F      G
               +--------+--------+--------+--------+--------+-----+--------+
         Total |   2511 |   2406 |    105 |    593 |   1478 |   3 |  837.0 |
       Dungeon |   2511 |   2406 |    105 |    593 |   1478 |   3 |  837.0 |
               +--------+--------+--------+--------+--------+-----+--------+

Top non-repeatable levels by time:
     D:1: 1140 daAuts
     D:2: 862 daAuts
     D:3: 508 daAuts
